 Dungeon Crawl Stone Soup version 0.24.0-13-gcf9b319 (webtiles) character file.

Game seed: 2976301015667514202, levelgen mode: deterministic

536 Fang the Skirmisher (level 7, -4/44 HPs)
             Began as a Gargoyle Berserker on Nov 14, 2019.
             Was a Follower of Trog.
             Killed from afar by Dowan (11 damage)
             ... with a stone arrow
             ... on level 4 of the Dungeon.
             The game lasted 00:04:48 (3470 turns).

Fang the Skirmisher (Gargoyle Berserker)            Turns: 3470, Time: 00:04:49

Health: -4/44      AC: 14    Str: 25    XL:     7   Next: 25%
Magic:  7/7        EV:  9    Int:  7    God:    Trog [*.....]
Gold:   182        SH:  0    Dex:  9    Spells: 6/6 levels left

rFire    . . .     SeeInvis .   a - +0 hand axe
rCold    . . .     Gourm    .   (no shield)
rNeg     + . .     Faith    .   b - +0 chain mail
rPois    ∞         Spirit   .   (no helmet)
rElec    +         Reflect  .   (no cloak)
rCorr    .         Harm     .   (no gloves)
MR       .....                  (no boots)
Stlth    ..........             (no amulet)
HPRegen  0.14/turn              r - +2 ring of strength
MPRegen  0.10/turn              (no ring)

@: berserk cooldown, slowed, very slow
A: negative energy resistance 1, electricity resistance, unbreathing,
petrification resistance, rot immunity, AC +4
a: Berserk, Renounce Religion


You were on level 4 of the Dungeon.
You worshipped Trog.
Trog was aware of your devotion.
You were hungry.

You visited 2 branches of the dungeon, and saw 5 of its levels.

You collected 182 gold pieces.

Inventory:

Hand Weapons
 a - a +0 hand axe (weapon)
Armour
 b - a +0 chain mail (worn)
Jewellery
 r - a +2 ring of strength (left hand)
Wands
 k - a wand of paralysis (9)
Scrolls
 f - a scroll of fog {unknown}
 g - 3 scrolls of teleportation {unknown}
 h - a scroll of enchant armour {unknown}
 j - a scroll of remove curse {unknown}
 l - 5 scrolls of identify {unknown}
 o - 2 scrolls of fear {unknown}
 t - a scroll of blinking {unknown}
Potions
 d - 3 potions of heal wounds {unknown}
 e - 2 potions of degeneration {unknown}
 i - a potion of curing {unknown}
 m - a potion of mutation {unknown}
 n - a potion of lignification {unknown}
 q - a potion of berserk rage {unknown}
 s - a potion of resistance {unknown}
 v - a potion of brilliance {unknown}
Comestibles
 c - 7 rations
 p - 6 chunks of flesh


   Skills:
 + Level 5.2 Fighting
 + Level 4.3 Axes
 + Level 4.5 Armour
 + Level 3.4 Dodging


You had 6 spell levels left.
You didn't know any spells.
Your spell library was empty.

Dungeon Overview and Level Annotations

Branches:
Dungeon (4/15)             Temple (1/1) D:4

Altars:
Cheibriados
Dithmenos
Gozag
Kikubaaqudgha
Nemelex Xobeh
Okawaru
Trog
Vehumet
Yredelemnul
Zin

Annotations:
D:4 Dowan


Innate Abilities, Weirdness & Mutations

You are resistant to torment.
Your stone body is resilient. (AC +4)
You are immune to poison.
You resist negative energy. (rN+)
You are resistant to electric shocks. (rElec)
You can survive without breathing.
You are immune to petrification.
You are immune to rotting.


Message History

You barely miss Dowan.
Dowan is almost dead.
Dowan hits you but does no damage.
You closely miss Dowan.
Dowan is almost dead.
Dowan gestures wildly while chanting.
Dowan blinks!
You swing at nothing.
You swing at nothing.
You feel a strong urge to attack something.
You are no longer berserk.
You are exhausted.
You feel yourself slow down.
You swing at nothing.
Dowan mumbles some strange words.
Dowan blinks!
You swing at nothing.
Dowan points at you and mumbles some strange words.
The stone arrow hits you!
You die...

### ..# ##########.#
......)@.#.#
########.#.#####...
#.e......... #...#####...
########...# #....^.#...#
######### #.####.#...#
#.......# ##########.####.#...#
#..#....#
....>...............###.......#


You could see Dowan.

Vanquished Creatures
  Menkaure (D:3)
  Duvessa (D:4)
  A phantom (D:3)
  A wight (D:3)
  A hound (D:4)
  Jessica (D:2)
  7 adders
  2 adder skeletons
  A worm (D:2)
  2 dart slugs
  3 leopard geckos
  2 orcs (D:3)
  3 giant cockroaches
  6 goblins
  7 hobgoblins
  5 jackals
  7 kobolds
  A quokka (D:2)
  2 ball pythons
  4 bats
  2 frilled lizards
  2 quokka skeletons
  9 rats
71 creatures vanquished.

Notes
Turn   | Place    | Note
-------+----------+-------------------------------------------
     0 | D:1      | Fang the Gargoyle Berserker began the quest for the Orb.
     0 | D:1      | Reached XP level 1. HP: 14/14 MP: 1/1
   287 | D:1      | Reached XP level 2. HP: 13/19 MP: 2/2
  1165 | D:2      | Reached XP level 3. HP: 24/24 MP: 3/3
  1180 | D:2      | Noticed Jessica
  1186 | D:2      | Reached ** piety under Trog
  1199 | D:2      | Killed Jessica
  1199 | D:2      | Reached XP level 4. HP: 22/29 MP: 4/4
  1222 | D:2      | Found a shadowy altar of Dithmenos.
  1238 | D:2      | Reached skill level 4 in Fighting
  1711 | D:2      | Found an iron altar of Okawaru.
  1948 | D:3      | Reached XP level 5. HP: 33/33 MP: 5/5
  1949 | D:3      | Found a transporter.
  1974 | D:3      | Found a transporter.
  1978 | D:3      | Found an ancient bone altar of Kikubaaqudgha.
  1999 | D:3      | Noticed Menkaure
  2002 | D:3      | Found a basalt altar of Yredelemnul.
  2007 | D:3      | Noticed a phantom
  2229 | D:3      | Found a sparkling altar of Nemelex Xobeh.
  2910 | D:3      | Killed a phantom
  2910 | D:3      | Reached XP level 6. HP: 35/39 MP: 6/6
  2978 | D:3      | Killed Menkaure
  3078 | D:3      | Got a crude pewter ring
  3104 | D:3      | Identified the ring "Ecu Iruz" {Wiz rPois rN+ MP+9} (You
                  | found it on level 3 of the Dungeon)
  3250 | D:4      | Found a staircase to the Ecumenical Temple.
  3277 | Temple   | Entered the Ecumenical Temple
  3297 | D:4      | Reached skill level 5 in Fighting
  3356 | D:4      | Found a radiant altar of Vehumet.
  3373 | D:4      | Reached XP level 7. HP: 43/44 MP: 7/7
  3434 | D:4      | Noticed Duvessa
  3434 | D:4      | Noticed Dowan
  3453 | D:4      | Killed Duvessa
  3470 | D:4      | Killed from afar by Dowan

Levels and vault maps discovered:
D:1:      dpeg_arrival_boxes_within_box, layout_basic, minmay_tromino_v4_c
D:2:      layout_loops_ring, nicolae_overflow_hidden_temple,
          kennysheep_okawaru_gauntlet, first_ration, kennysheep_cluttered_room,
          uniq_jessica
D:3:      layout_loops_ring, gammafunk_temple_of_torment,
          minmay_misc_feat_ornament, nemelex_xobeh_ov_fountains_minmay
D:4:      layout_loops_ring, led_sif_pool, vehumet_crystals,
          minmay_temple_entry_slanted, uniq_duvessa
Temple:   zaba_magenta_temple

Skill      XL: |  1  2  3  4  5  6 |
---------------+-------------------+-----
Axes           | 3 4 |  4.3
Dodging        | 2 3 |  3.4
Armour         | 3 4 |  4.5
Fighting       | 4 5 |  5.2

Action                   |  1- 3 |  4- 6 |  7- 9 || total
-------------------------+-------+-------+-------++-------
Melee: Hand axe          |   101 |   220 |    41 ||   362
Invok: Trog's Hand       |       |     2 |       ||     2
       Berserk           |       |     1 |     1 ||     2
  Eat: Chunk             |     1 |     5 |     1 ||     7
       Ration            |       |     1 |       ||     1
Armor: Animal skin       |    26 |       |       ||    26
       Chain mail        |    34 |   171 |    28 ||   233
Dodge: Dodged            |    78 |   113 |    14 ||   205
